 Dungeon Crawl Stone Soup version 0.32-a0-872-g59262bdc9b (webtiles) character file.

Game seed: 5684752215971346748

1711955 adelrune the Slayer (level 27, 206/228 HPs)
             Began as a Djinni Hedge Wizard on Mar 28, 2024.
             Was the Champion of Ashenzari.
             Escaped with the Orb
             ... and 3 runes on Mar 30, 2024!
             The game lasted 05:27:40 (64717 turns).

adelrune the Slayer (Djinni Hedge Wizard)          Turns: 64717, Time: 05:27:40

Health: 206/228    AC: 15    Str:  9    XL:     27
Gold:   3577       EV: 31    Int: 32    God:    Ashenzari [******] SH: 17 Dex: 17

rFire   + + +        b - +3 Elemental Staff {ele, rElec rF+ rC+ AC+3, Elem, Cun} (curse)
rCold   + + .        Z - +2 shield of Resistance {rF++ rC++ Will++, Bglg, Elem} (curse)
rNeg    . . .        P - +2 troll leather armour of the Fated Heresy {Regen+, Elem, Bglg} (curse)
rPois   ∞            w - +2 hat of the Enlightened Sky {Will+, Melee, Range} (curse)
rElec   +            l - +2 cloak of Ashenzari's Regret {rCorr, Sorc, Comp} (curse)
rCorr   +            E - +0 pair of gloves of Ashenzari's Sorrow {Melee, Elem} (curse)
SInv    +            (boots unavailable)
Will    +++++        f - amulet of the Perceptive Doubts {Regen+, Self, Elem} (curse)
Stlth   +            a - ring of the Hare {EV+10, Self, Cun} (curse)
HPRegen 2.18/turn    O - ring of the Revealing Ordeal {Int+6, Range, Self} (curse)
MPRegen 0.00/turn

%: clarity
@: disjoining, flying, glowing, studying Short Blades
A: sickness immunity, fire resistance 2, cold vulnerability 1, float, innate
caster, HP casting, extra vitality 1, evolution 1
0: Orb of Zot
}: 3/15 runes: barnacled, silver, gossamer
a: Renounce Religion, Shatter the Chains


You escaped.
You worshipped Ashenzari.
Ashenzari was exalted by your worship.
You visited 9 branches of the dungeon, and saw 47 of its levels.
You visited 1 bazaar.
You also visited: Gauntlet and Volcano.

You collected 7448 gold pieces.
You spent 3871 gold pieces at shops.

Inventory:

Hand Weapons
 b - the cursed +3 Elemental Staff (weapon) {ele, rElec rF+ rC+ AC+3, Elem, Cun}
   (You found it on level 3 of the Elven Halls)

   AC+3:      It affects your AC (+3).
   rF+:       It protects you from fire.
   rC+:       It protects you from cold.
   rElec:     It insulates you from electricity.
   It has a curse which improves the following skills: Elements: Fire Magic, Ice
   Magic, Air Magic and Earth Magic.
   Cunning:   Dodging and Stealth.
Missiles
 r - 3 throwing nets
Armour
 l - the cursed +2 cloak of Ashenzari's Regret (worn) {rCorr, Sorc, Comp}
   (You took it off Nikola on level 1 of the Shoals)

   It has a curse which improves the following skills: Sorcery: Conjurations and
   Alchemy.
   Companions: Summonings and Necromancy.
 w - the cursed +2 hat of the Enlightened Sky (worn) {Will+, Melee, Range}
   (You found it on level 4 of the Spider Nest)

   It has a curse which improves the following skills: Melee Combat: Short
   Blades, Long Blades, Axes, Maces & Flails, Polearms, Staves and Unarmed
   Combat.
   Ranged Combat: Ranged Weapons and Throwing.
 E - the cursed +0 pair of gloves of Ashenzari's Sorrow (worn) {Melee, Elem}
   (You found it on level 9 of the Dungeon)

   It has a curse which improves the following skills: Melee Combat: Short
   Blades, Long Blades, Axes, Maces & Flails, Polearms, Staves and Unarmed
   Combat.
   Elements:  Fire Magic, Ice Magic, Air Magic and Earth Magic.
 P - the cursed +2 troll leather armour of the Fated Heresy (worn) {Regen+, Elem, Bglg}
   (You found it on level 11 of the Dungeon)

   Regen+:    It increases your rate of health regeneration.
   It has a curse which improves the following skills: Elements: Fire Magic, Ice
   Magic, Air Magic and Earth Magic.
   Beguiling: Hexes and Translocations.
 T - a +2 robe of cold resistance
 Z - the cursed +2 shield of Resistance (worn) {rF++ rC++ Will++, Bglg, Elem}
   (You found it on level 3 of the Elven Halls)

   rF++:      It greatly protects you from fire.
   rC++:      It greatly protects you from cold.
   Will++:    It greatly increases your willpower.
   It has a curse which improves the following skills: Beguiling: Hexes and
   Translocations.
   Elements:  Fire Magic, Ice Magic, Air Magic and Earth Magic.
Jewellery
 a - the cursed ring of the Hare (left hand) {EV+10, Self, Cun}
   (You took it off a deep elf master archer on level 3 of the Elven Halls)

   [ring of evasion]

   EV+10:     It affects your evasion (+10).
   It has a curse which improves the following skills: Introspection: Fighting
   and Spellcasting.
   Cunning:   Dodging and Stealth.
 f - the cursed amulet of the Perceptive Doubts (around neck) {Regen+, Self, Elem}
   (You acquired it on level 14 of the Dungeon)

   [amulet of regeneration]

   Regen+:    It increases your rate of health regeneration.
   It has a curse which improves the following skills: Introspection: Fighting
   and Spellcasting.
   Elements:  Fire Magic, Ice Magic, Air Magic and Earth Magic.
 O - the cursed ring of the Revealing Ordeal (right hand) {Int+6, Range, Self}
   (You found it on level 5 of the Lair of Beasts)

   [ring of intelligence]

   Int+6:     It affects your intelligence (+6).
   It has a curse which improves the following skills: Ranged Combat: Ranged
   Weapons and Throwing.
   Introspection: Fighting and Spellcasting.
 W - the ring of Foolhardiness {Ice rElec Int+2 Dex+3}
   (You found it on level 4 of the Vaults)

   [ring of ice]

   Ice:       It enhances your ice magic.
   Int+2:     It affects your intelligence (+2).
   Dex+3:     It affects your dexterity (+3).
   rF-:       It makes you vulnerable to fire.
   rC+:       It protects you from cold.
   rElec:     It insulates you from electricity.
Wands
 e - a wand of polymorph (15)
 i - a wand of acid (60)
 n - a wand of flame (85)
 s - a wand of iceblast (12)
 D - a wand of mindburst (18)
 F - a wand of paralysis (24)
 N - a wand of digging (24)
Scrolls
 d - 10 scrolls of fear
 g - 4 scrolls of revelation
 m - 11 scrolls of fog
 q - 11 scrolls of noise
 u - 25 scrolls of teleportation
 v - a scroll of blinking
 y - a scroll of summoning
 A - 8 scrolls of poison
 I - 6 scrolls of enchant weapon
 K - 7 scrolls of immolation
 L - 8 scrolls of vulnerability
 R - 4 scrolls of torment
 S - 4 scrolls of silence
 V - a scroll of brand weapon
Potions
 c - 6 potions of ambrosia
 j - 20 potions of heal wounds
 k - 11 potions of mutation
 o - 32 potions of curing
 t - 11 potions of enlightenment
 x - 3 potions of brilliance
 B - 5 potions of attraction
 C - 2 potions of haste
 G - 5 potions of might
 H - 3 potions of invisibility
 J - 5 potions of berserk rage
 M - 10 potions of lignification
 Q - 4 potions of cancellation
 U - 6 potions of resistance
Miscellaneous
 h - a phial of floods
 p - a lightning rod (4/4)
 z - a condenser vane
 X - a sack of spiders
 Y - a phantom mirror


   Skills:
 - Level 23.9(27) Fighting
 - Level 11.3(14.9) Staves
 - Level 6.0 Armour
 - Level 16.0(19.4) Dodging
 - Level 3.0(6.0) Stealth
 + Level 18.8 Shields
 + Level 23.1(27) Spellcasting
 + Level 23.1(25.2) Conjurations
 + Level 23.1(26.3) Hexes
 + Level 23.1(25.2) Summonings
 + Level 23.1(25.2) Necromancy
 + Level 23.1(26.3) Translocations
 + Level 23.1(27) Fire Magic
 + Level 23.1(27) Ice Magic
 + Level 23.1(27) Air Magic
 + Level 23.1(27) Earth Magic
 + Level 23.1(25.2) Alchemy
 * Level 17.5 Evocations


You knew the following spells:

 Your Spells              Type           Power      Damage    Failure   Level
a - Magic Dart            Conj           100%       1d8       0%          1
b - Slow                  Hex            100%       N/A       0%          1
c - Blink                 Tloc           100%       N/A       0%          2
d - Call Imp              Summ           100%       N/A       0%          2
e - Mephitic Cloud        Conj/Alch/Air  100%       N/A       0%          3
f - Necrotise             Necr           100%       1d9       0%          1
g - Scorch                Fire           100%       2d9       0%          2
h - Frozen Ramparts       Ice            100%       1d16      0%          3
i - Summon Ice Beast      Ice/Summ       100%       N/A       0%          3
j - Dispel Undead         Necr           100%       3d31      0%          4
k - Arcjolt               Conj/Air       71%        1d81      0%          5
l - Permafrost Eruption   Ice/Erth       85%        2x4d18    0%          6
m - Bombard               Conj/Erth      71%        9d12      0%          6
n - Conjure Ball Lightni  Conj/Air       71%        3x3d26    0%          6
o - Orb of Destruction    Conj           58%        9d14      1%          7
p - Disjunction           Tloc           59%        N/A       1%          8
q - Lehudib's Crystal Sp  Conj/Erth      71%        10d16     1%          8
r - Shatter               Erth           72%        3d53*     1%          9
Your spell library was empty.

Dungeon Overview and Level Annotations

Branches:
Dungeon (15/15)            Temple (0/1) D:7            Lair (5/5) D:10
 Shoals (4/4) Lair:3       Spider (4/4) Lair:2        Slime (0/5) Lair:5
    Orc (2/2) D:11            Elf (3/3) Orc:2        Vaults (5/5) D:13
  Crypt (0/3) Vaults:3     Depths (4/4) D:15            Zot (5/5) Depths:4
Volcano (visited)         Gauntlet (visited)

Altars:
Ashenzari
Cheibriados
Dithmenos
Elyvilon
Fedhas
Gozag
Makhleb
Okawaru
Qazlal
Ru
Trog
Xom
Zin
The Shining One
Beogh
Ignis
Jiyva

Shops:
D:4 :   D:7 *   D:8 [[(!?   D:9 (((   Orc:2 *=*!(   Shoals:1 *   Vaults:1 !
Vaults:4 (   Vaults:5 [?!!   Depths:1 [   Depths:2 ?   Depths:3 (

Portals:
Hell: Depths:1 Depths:2 Depths:3 Depths:4
Abyss: Zot:4 Depths:3
Pandemonium: Depths:1 Depths:2
Ziggurat: Depths:3

Annotations:
D:8 2 transporters
D:10 3 runed translucent doors, exclusion: obsidian statue, Fodor's ghost, novice MiFi
Elf:1 1 runed translucent door, Lorhegae's ghost, veteran FoDe
Elf:2 3 runed translucent doors
Vaults:1 2 transporters, Rudyous's ghost, adept DsFE
Zot:3 2 runed translucent doors, Unkiwk's ghost, legendary DsFi
Zot:4 2 transporters, Wurghat's ghost, master TrSh


Innate Abilities, Weirdness & Mutations

You are immune to sickness and miasma.
You are immune to poison.
Your flesh is very heat resistant. (rF++)
You are vulnerable to cold. (rC-)
You float through the air rather than walking.
You learn spells naturally, not from books.
Your magical power is your life essence.
You have superior vitality. (+4 MHP)
You have hidden genetic potential.


Message History

Piercing cold boils outward!
The piercing cold hits the angel!!!
The angel is severely wounded.
The piercing cold hits the cherub!!!
The cherub is heavily wounded.
The piercing cold hits the seraph!!!
The seraph is frozen!
The seraph is lightly wounded.
You hear a shout!
The cherub dissolves into sparkling lights!
The seraph gestures.
The seraph begins to accept its allies' injuries.
You feel a strong surge of power!
Bitter cold erupts, blasting rock from the ceiling!
The mass of rock hits the angel!!
The angel is severely wounded.
Piercing cold boils outward!
The piercing cold hits the angel!!
The angel is almost dead.
The seraph shouts a warning to its allies!
Casting: Permafrost Eruption (safe; 0% risk of failure)
Confirm with . or Enter, or press ? or * to list all spells.
The angel blinks! x2
A lich and a tentacled monstrosity come into view.
Blink to where?
Press: ? - help, Dir - move target A Hopsuha and a rust devil come into view.
As you read the scroll of blinking, it crumbles to dust.
The angel blinks!
The tentacled monstrosity blinks!
The seraph blinks!
The angel blinks!
The tentacled monstrosity blinks!
The angel blinks! x3
The lich shouts!
The tentacled monstrosity moves out of view.
Hopsuha moves out of view.
The rust devil moves out of view.
The seraph gestures.
The seraph channels a blast of cleansing flame!
The golden flame engulfs the seraph but does no damage.
The golden flame engulfs the angel.
The angel completely resists.
The golden flame engulfs the angel.
The angel completely resists.
The golden flame engulfs you! You block the angel's attack. x2
The lich mumbles some strange words.
The lich seems to speed up.
You hear a shout! x3
You have escaped!

#.################ ##
###.#......'.......#
##...#.#....#.......# ####
#..###......#.......# ...#
##.## #...########...# ...#
#..# #...#..'...#...# ...#
#.## #...#..#...#...#
...###.#######'#'##...#...#
.......#...#...#@###{##'###
.......#...#.{{#A.AX...§..#
.......#...#..{A.'.§..#...#
....÷..#...#.#.A.#L&4.#...#
....÷..#...#.....#....#...#
....(..#...############...#
...##..'.........'........#
..###..#.........#......#.#
..# ##>#.........#..[.....#


You could see a seraph, Hopsuha (wandering), a tentacled monstrosity, 3 angels,
a lich (fast) and a rust devil (wandering).

Vanquished Creatures
  2 dread liches
  10 orbs of fire
  An ancient lich (Vaults:5)
  Mennas (Vaults:2)
  Mara (Spider:3)
  Josephina (Depths:3)
  Boris (twice) (Vaults:2 Vaults:3)
  Vv (Zot:1)
  2 shard shrikes (Zot:1)
  5 Killer Klowns
  Margery (Vaults:2)
  2 curse toes
  6 caustic shrikes
  15 golden dragons
  Nikola (Shoals:1)
  4 bone dragons (Depths:4)
  A Brimstone Fiend (D:7)
  A Tzitzimitl (Zot:5)
  3 electric golems
  Jorgrun (D:13)
  A hellephant (Vaults:2)
  11 tentacled monstrosities
  Zenata (Vaults:1)
  23 Orb Guardians
  3 titans
  Mlioglotl (Shoals:1)
  4 liches
  3 quicksilver dragons
  Asterion (Vaults:1)
  2 deep elf blademasters (Elf:3)
  6 sphinxes
  A walking divine tome (Depths:3)
  2 deep elf master archers (Elf:3)
  4 death cobs
  2 ancient champions
  Kirke (Lair:5)
  Agnes (Spider:2)
  3 tengu reavers
  11 fire giants
  7 storm dragons
  Donald (Vaults:1)
  9 shadow dragons
  Roxanne (Elf:1)
  A daeva (Depths:3)
  A protean progenitor (Zot:3)
  8 emperor scorpions
  6 draconian shifters
  19 frost giants
  16 draconian scorchers
  6 draconian monks
  6 deep elf sorcerers (Elf:3)
  2 draconian knights
  12 vault wardens
  2 ghost moths
  A balrug (Depths:3)
  6 deep elf elementalists (Elf:3)
  2 cacodemons
  3 angels
  2 orc warlords
  4 draconian stormcallers
  A caustic shrike skeleton (Depths:3)
  A demonspawn corrupter (D:4)
  13 very ugly things
  5 stone giants
  21 ironbound preservers
  10 draconian annihilators
  A spriggan defender (Depths:3)
  10 ironbound thunderhulks
  3 formless jellyfish
  A broodmother (Spider:1)
  A minotaur (Gauntlet)
  3 vampire knights
  8 black draconians
  4 deep elf demonologists (Elf:3)
  10 white draconians
  10 deep elf death magi
  5 green draconians
  10 purple draconians
  6 deep elf annihilators
  A lorocyproca (Depths:2)
  10 yellow draconians
  11 dire elephants
  19 red draconians
  10 spark wasps
  An eidolon (Depths:3)
  2 green deaths
  A blizzard demon (Depths:1)
  3 merfolk javelineers
  4 ettins
  6 entropy weavers
  5 deep elf high priests
  An entropy weaver (shapeshifter) (D:15)
  6 merfolk impalers
  A crystal guardian (Vaults:2)
  7 yaktaur captains
  5 great orbs of eyes
  9 fire dragons
  4 rakshasas
  Fannar (D:12)
  A peacekeeper (Vaults:2)
  3 hydras
  2 caustic shrike simulacra (Depths:3)
  26 vault guards (Vaults:5)
  2 hell beasts
  8 ice dragons
  2 jorogumos
  5 ogre magi
  13 centaur warriors
  2 merfolk avatars (Shoals:4)
  8 ironbound frosthearts
  6 radroaches
  3 alligator snapping turtles (Shoals:4)
  2 catoblepae
  The ghost of Steellotus the Protected, a novice MiBe of Trog (D:8)
  13 dancing weapons
  13 two-headed ogres
  A satyr (Shoals:4)
  A sphinx skeleton (Depths:3)
  2 vampire magi
  6 deep troll shamans
  13 boulder beetles
  2 merfolk aquamancers (Shoals:4)
  A death yak (Lair:5)
  9 deep troll earth magi
  11 demonic crawlers
  13 tengu warriors
  2 spriggan berserkers
  2 occultists
  A shock serpent (shapeshifter) (Vaults:5)
  A storm dragon zombie (Depths:3)
  8 deep elf knights
  5 orc high priests
  2 spriggans (Depths:1)
  14 hell knights
  A golden dragon zombie (Depths:1)
  A death drake (Gauntlet)
  7 iron trolls
  A shadow wraith (Vaults:5)
  2 sixfirhies (Depths:1)
  6 skysharks
  Lodul (D:13)
  7 pharaoh ants
  A spectral anaconda (Lair:5)
  An orb spider (shapeshifter) (Depths:3)
  7 arcanists
  63 deep trolls
  8 deep elf archers
  A shadow demon (D:4)
  3 flayed ghosts
  12 orb spiders
  3 sun moths
  13 sea snakes
  3 glowing orange brains
  11 thermic dynamos
  12 ironbound convokers
  A quicksilver dragon simulacrum (Depths:3)
  8 steelbarb worms
  13 lindwurms
  A golden dragon skeleton (Depths:3)
  An obsidian bat (Orc:1)
  4 phantasmal warriors
  18 deep elf pyromancers
  17 deep elf zephyrmancers
  31 harpies
  12 cyclopes
  2 obsidian statues
  9 necromancers
  2 orc sorcerers (Orc:2)
  A frost giant zombie (Depths:3)
  23 wolf spiders
  9 orc knights
  4 fauns (Shoals:4)
  25 ugly things
  14 manticores
  13 meliai
  A shining eye (shapeshifter) (Vaults:5)
  A spectral centaur (Gauntlet)
  A rust devil (D:1)
  31 moths of wrath
  6 merfolk sirens
  A centaur zombie (Gauntlet)
  A meliai (shapeshifter) (D:14)
  An elephant (shapeshifter) (Vaults:5)
  A guardian serpent (shapeshifter) (Vaults:5)
  13 elephants
  6 cane toads
  5 black mambas
  A dire elephant zombie (Lair:5)
  3 kobold blastminers (Orc:1)
  7 torpor snails
  6 water nymphs
  22 vault sentinels
  2 centaur skeletons (D:15)
  3 smoke demons
  5 molten gargoyles
  An orange demon (D:8)
  2 hellions
  12 komodo dragons
  2 gargoyles
  A spriggan zombie (Depths:1)
  3 unseen horrors
  An efreet (D:13)
  39 yaktaurs
  4 freezing wraiths
  A golden dragon simulacrum (Depths:3)
  4 tengu conjurers
  11 trolls
  6 wind drakes
  27 merfolk
  A polar bear (Lair:1)
  Prince Ribbit (D:7)
  3 hornets
  10 tarantellas
  10 blink frogs
  17 dream sheep
  A glass eye (Depths:3)
  A spectral elephant (Lair:5)
  2 iron dragon simulacra (Depths:3)
  A dream sheep (shapeshifter) (Depths:4)
  A stone giant simulacrum (Depths:1)
  11 snapping turtles
  35 slime creatures
  4 air elementals
  A culicivora (shapeshifter) (Vaults:5)
  25 culicivoras
  A shadow (D:11)
  27 jumping spiders
  2 spriggan skeletons
  A ynoxinul (Depths:2)
  7 basilisks
  11 water elementals
  2 wraiths
  5 wyverns
  Eustachio (D:4)
  30 yaks
  A vampire (D:10)
  2 fire elementals
  2 hogs (Lair:5)
  55 redbacks
  Menkaure (D:6)
  8 steam dragons
  2 wargs (Orc:2)
  2 death yak simulacra (Lair:5)
  A glowing shapeshifter zombie (Depths:3)
  11 water moccasins
  A hell hound (Volcano)
  A meliai simulacrum (D:15)
  22 orc warriors
  A sky beast (D:7)
  2 elephant zombies (Lair:5)
  3 ice beasts
  A black bear (D:5)
  2 laughing skulls
  5 boggarts (Vaults:3)
  3 elephant skeletons (Lair:5)
  5 wolves
  20 ogres
  3 centaurs
  2 phantoms
  5 bullfrogs
  A gnoll sergeant (D:6)
  2 kobold brigands (D:11)
  8 wights
  2 elephant simulacra (Lair:5)
  4 killer bees
  5 howler monkeys
  An electric eel (Lair:1)
  A jelly (D:6)
  A hound (D:4)
  30 orc priests
  Crazy Yiuf (D:4)
  28 orc wizards
  Ijyb (D:4)
  2 iguanas
  7 adders
  4 gnolls (D:6)
  A shadow imp (D:7)
  A white imp (D:5)
  3 ufetubi
  A ribbon worm (D:3)
  A dart slug (D:1)
  47 orcs
  5 ball pythons
  10 bats
  7 endoplasms
  4 hobgoblins
  3 jackals (D:1)
  8 quokkas
  A frilled lizard (D:3)
  7 goblins
  11 kobolds
  4 rats
  An aspiring flesh (Zot:3)
1879 creatures vanquished.

Vanquished Creatures (collateral kills)
  An orb of fire (Zot:5)
  2 Killer Klowns (Zot:5)
  3 Orb Guardians (Zot:5)
  A death cob (Zot:5)
  A storm dragon (Zot:5)
  A ghost moth (Zot:5)
  A dire elephant (Lair:5)
  3 hydras
  A centaur warrior (D:11)
  A deep elf pyromancer (D:7)
  A necromancer (Lair:5)
  A spectral centaur (Gauntlet)
  A black mamba (Lair:3)
  A gargoyle (D:6)
  2 cane toads
  A smoke demon (Volcano)
  A komodo dragon (Lair:1)
  3 rime drakes
  3 polar bears
  5 blink frogs
  A shadow (D:11)
  4 slime creatures
  11 yaks
  A basilisk (Lair:3)
  2 steam dragons (Volcano)
  4 water moccasins
  2 sky beasts (D:7)
  4 wolves
  A kobold brigand (D:8)
  3 bullfrogs
  A scorpion (D:5)
  A killer bee (D:6)
  3 howler monkeys
  An electric eel (D:9)
  A hound (D:4)
  An iguana (D:5)
  3 adders
  An ufetubus (D:5)
  3 dart slugs (D:1)
  7 orcs
  3 ball pythons
  4 endoplasms
  2 giant cockroaches
  5 goblins
  A hobgoblin (D:1)
  8 kobolds
  A bat (D:1)
  2 frilled lizards
  A rat (D:2)
116 creatures vanquished.

Vanquished Creatures (others)
  A lindwurm (Volcano)
  A moth of wrath (Zot:5)
  A shadow dragon simulacrum (Depths:3)
  59 ball lightnings
  A spectral weapon (Spider:1)
63 creatures vanquished.

Grand Total: 2058 creatures vanquished

Notes
Turn   | Place    | Note
-------+----------+-------------------------------------------
     0 | D:1      | adelrune the Djinni Hedge Wizard began the quest for the
                  | Orb.
     0 | D:1      | adelrune set off with the following spells memorised: Magic
                  | Dart, Slow, Blink, Call Imp, Mephitic Cloud.
     0 | D:1      | Reached XP level 1. HP: 15/15 MP: 0/0
   151 | D:1      | Reached XP level 2. HP: 15/21 MP: 0/0
   601 | D:1      | Reached XP level 3. HP: 15/25 MP: 0/0
   601 | D:1      | Learned a level 1 spell: Necrotise
  1217 | D:2      | Reached XP level 4. HP: 29/31 MP: 0/0
  2140 | D:3      | Reached XP level 5. HP: 36/36 MP: 0/0
  2140 | D:3      | Learned a level 2 spell: Scorch
  2644 | D:3      | Found a broken altar of Ashenzari.
  2903 | D:3      | Reached skill level 1 in Fighting
  2924 | D:3      | Found a bloodstained altar of Trog.
  2957 | D:3      | Found a glowing silver altar of Zin.
  3208 | D:3      | Became a worshipper of Ashenzari the Shackled
  3341 | D:3      | Found a stormy altar of Qazlal.
  3398 | D:3      | Found a burning altar of Makhleb.
  3729 | D:4      | Noticed Eustachio
  3736 | D:4      | Noticed a phantom
  3891 | D:4      | Found Camaplen's Book Boutique.
  3993 | D:4      | Killed Eustachio
  3994 | D:4      | Reached XP level 6. HP: 5/46 MP: 0/0
  3995 | D:4      | HP: 2/46 [hobgoblin (1)]
  4224 | D:4      | Found a sacrificial altar of Ru.
  4267 | D:4      | Noticed an ice beast
  4276 | D:4      | Killed an ice beast
  4277 | D:4      | Reached XP level 7. HP: 43/50 MP: 0/0
  4277 | D:4      | Learned a level 3 spell: Frozen Ramparts
  4282 | D:4      | Noticed Ijyb
  4286 | D:4      | Killed Ijyb
  4478 | D:4      | Reached skill level 5 in Spellcasting
  4478 | D:4      | Reached skill level 5 in Conjurations
  4478 | D:4      | Reached skill level 5 in Hexes
  4478 | D:4      | Reached skill level 5 in Summonings
  4478 | D:4      | Reached skill level 5 in Necromancy
  4478 | D:4      | Reached skill level 5 in Translocations
  4478 | D:4      | Reached skill level 5 in Fire Magic
  4478 | D:4      | Reached skill level 5 in Ice Magic
  4478 | D:4      | Reached skill level 5 in Air Magic
  4478 | D:4      | Reached skill level 5 in Earth Magic
  4478 | D:4      | Reached skill level 5 in Alchemy
  4478 | D:4      | Reached skill level 1 in Evocations
  4899 | D:4      | Found a runed translucent door.
  4900 | D:4      | Noticed Crazy Yiuf
  5097 | D:4      | Killed Crazy Yiuf
  5346 | D:5      | Entered Level 5 of the Dungeon
  5474 | D:5      | Reached XP level 8. HP: 42/58 MP: 0/0
  5706 | D:5      | Found an opulent altar of Gozag.
  5762 | D:5      | Reached skill level 5 in Fighting
  6222 | D:6      | Found a glowing golden altar of the Shining One.
  6529 | D:6      | Noticed a gargoyle
  6627 | D:6      | Noticed Menkaure
  6634 | D:6      | Killed Menkaure
  6766 | D:6      | Reached XP level 9. HP: 48/66 MP: 0/0
  6766 | D:6      | Learned a level 3 spell: Summon Ice Beast
  6952 | D:6      | Reached * piety under Ashenzari
  7003 | D:6      | Found a shadowy altar of Dithmenos.
  7064 | D:6      | Found a snail-covered altar of Cheibriados.
  7201 | D:6      | Killed a gargoyle
  7337 | D:7      | Noticed Prince Ribbit
  7349 | D:7      | Killed Prince Ribbit
  7364 | D:7      | Reached XP level 10. HP: 40/78 MP: 0/0
  7602 | D:7      | Found a staircase to the Ecumenical Temple.
  7817 | D:7      | Noticed a freezing wraith
  7829 | D:7      | Killed a freezing wraith
  7879 | D:7      | Noticed a deep elf pyromancer
  7895 | D:7      | Killed a deep elf pyromancer
  8698 | D:7      | Found Etedul's Assorted Antiques.
  8702 | D:7      | Bought a coral ring for 130 gold pieces
  8702 | D:7      | Bought a scroll labelled GUAC KEXAINOTT for 26 gold pieces
  8702 | D:7      | Bought a murky sapphire potion for 23 gold pieces
  8801 | D:8      | Found a transporter.
  8804 | D:8      | Found a white marble altar of Elyvilon.
  8804 | D:8      | Found a transporter.
  8883 | D:8      | Found Aluoninlah's Magic Scroll Emporium.
  8891 | D:8      | Bought a scroll of blinking for 82 gold pieces
  8891 | D:8      | Bought 2 scrolls of teleportation for 66 gold pieces
  8891 | D:8      | Bought a scroll of teleportation for 33 gold pieces
  8891 | D:8      | Bought a scroll of blinking for 82 gold pieces
  8925 | D:8      | Found a runed translucent door.
  8925 | D:8      | Noticed Steellotus's ghost (novice MiBe)
  8929 | D:8      | Noticed an unseen horror
  8972 | D:8      | Noticed a two-headed ogre
  8999 | D:8      | Killed a two-headed ogre
  9000 | D:8      | Reached skill level 10 in Fighting
  9076 | D:8      | Reached ** piety under Ashenzari
  9120 | D:8      | Found Mueshria's Distillery.
  9124 | D:8      | Bought a potion of heal wounds for 60 gold pieces
  9137 | D:8      | Noticed a two-headed ogre
  9162 | D:8      | Killed a two-headed ogre
  9163 | D:8      | Reached XP level 11. HP: 69/87 MP: 0/0
  9163 | D:8      | Learned a level 4 spell: Dispel Undead
  9687 | D:8      | Found Wouriun's Antique Weapon Shoppe.
  9806 | D:8      | Found Piutu's Armour Boutique.
  9867 | D:8      | Reached *** piety under Ashenzari
  9922 | D:8      | Found Ruofamon's Antique Armour Emporium.
 10158 | D:9      | Found Atucs's Weapon Shop.
 10158 | D:9      | Found Xiehu's Weapon Shop.
 10158 | D:9      | Found Kuluotuh's Antique Weapon Shop.
 10701 | D:9      | Noticed a two-headed ogre
 10709 | D:9      | Killed a two-headed ogre
 11287 | D:9      | Upgraded the game from 0.32-a0-868-g153ae1a8d6 to
                  | 0.32-a0-871-ge202e49faa
 11424 | D:8      | Killed Steellotus's ghost
 11556 | D:10     | Entered Level 10 of the Dungeon
 11597 | D:10     | Reached skill level 10 in Spellcasting
 11597 | D:10     | Reached skill level 10 in Conjurations
 11597 | D:10     | Reached skill level 10 in Hexes
 11597 | D:10     | Reached skill level 10 in Summonings
 11597 | D:10     | Reached skill level 10 in Necromancy
 11597 | D:10     | Reached skill level 10 in Translocations
 11597 | D:10     | Reached skill level 10 in Fire Magic
 11597 | D:10     | Reached skill level 10 in Ice Magic
 11597 | D:10     | Reached skill level 10 in Air Magic
 11597 | D:10     | Reached skill level 10 in Earth Magic
 11597 | D:10     | Reached skill level 10 in Alchemy
 11997 | D:10     | Found a runed translucent gate.
 11998 | D:10     | Found a runed translucent gate.
 11999 | D:10     | Found a runed translucent gate.
 12000 | D:10     | Found an opulent altar of Gozag.
 12000 | D:10     | Noticed an obsidian statue
 12001 | D:10     | Noticed Fodor's ghost (novice MiFi)
 12001 | D:10     | Noticed a four-headed hydra
 12003 | D:10     | Noticed a skeletal warrior
 12063 | D:10     | Noticed a two-headed ogre
 12069 | D:10     | Killed a two-headed ogre
 12070 | D:10     | Reached XP level 12. HP: 88/99 MP: 0/0
 12245 | D:10     | Found a staircase to the Lair.
 12273 | D:10     | Identified Sif Muna's Encyclopedia of Bolts
 13270 | D:11     | Noticed a centaur warrior
 13281 | D:11     | Killed a centaur warrior
 13970 | D:11     | Noticed a tengu warrior
 13977 | D:11     | Killed a tengu warrior
 14187 | Lair:1   | Entered Level 1 of the Lair of Beasts
 14397 | Lair:1   | Reached skill level 1 in Staves
 15094 | Lair:1   | Reached **** piety under Ashenzari
 15108 | Lair:1   | Identified the cursed +5 lajatang "Share My Mistrust"
                  | {spect, Melee, Range} (You took it off an orc warrior on
                  | level 11 of the Dungeon)
 15114 | Lair:1   | Identified the cursed +5 lajatang "Share My Mistrust"
                  | {spect, Melee, Range} (You took it off an orc warrior on
                  | level 11 of the Dungeon)
 15174 | Lair:1   | Identified the cursed +5 lajatang "Share My Mistrust"
                  | {spect, Melee, Range} (You took it off an orc warrior on
                  | level 11 of the Dungeon)
 15215 | Lair:1   | Identified the cursed +5 lajatang "Share My Mistrust"
                  | {spect, Melee, Range} (You took it off an orc warrior on
                  | level 11 of the Dungeon)
 15216 | Lair:1   | Reached skill level 5 in Staves
 15319 | Lair:1   | Reached XP level 13. HP: 101/107 MP: 0/0
 15319 | Lair:1   | Learned a level 5 spell: Arcjolt
 15648 | Lair:2   | Identified the cursed +5 lajatang "Share My Mistrust"
                  | {spect, Melee, Range} (You took it off an orc warrior on
                  | level 11 of the Dungeon)
 15786 | Lair:2   | Found a sacrificial altar of Ru.
 15958 | Lair:2   | Identified the +2 leather armour of Tan Bein {Rampage}
 16216 | Lair:2   | Found a hole to the Spider Nest.
 17097 | Lair:3   | Noticed a catoblepas
 17106 | Lair:3   | Killed a catoblepas
 17301 | Lair:3   | Noticed an eight-headed hydra
 17314 | Lair:3   | Killed an eight-headed hydra
 17963 | Lair:3   | Identified the cursed +5 lajatang "Share My Mistrust"
                  | {spect, Melee, Range} (You took it off an orc warrior on
                  | level 11 of the Dungeon)
 18471 | Lair:3   | Found a staircase to the Shoals.
 19257 | Lair:4   | Identified the cursed +5 lajatang "Share My Mistrust"
                  | {spect, Melee, Range} (You took it off an orc warrior on
                  | level 11 of the Dungeon)
 19268 | Lair:4   | Identified the cursed +5 lajatang "Share My Mistrust"
                  | {spect, Melee, Range} (You took it off an orc warrior on
                  | level 11 of the Dungeon)
 19598 | Lair:4   | Reached XP level 14. HP: 91/115 MP: 0/0
 19601 | Lair:4   | Identified the cursed +5 lajatang "Share My Mistrust"
                  | {spect, Melee, Range} (You took it off an orc warrior on
                  | level 11 of the Dungeon)
 19609 | Lair:4   | Identified the cursed +5 lajatang "Share My Mistrust"
                  | {spect, Melee, Range} (You took it off an orc warrior on
                  | level 11 of the Dungeon)
 20123 | Lair:5   | Entered Level 5 of the Lair of Beasts
 20173 | Lair:5   | Noticed Kirke
 20550 | Lair:5   | Found a dark tunnel.
 20558 | Volcano  | Entered a volcano
 20569 | Volcano  | Identified the cursed +5 lajatang "Share My Mistrust"
                  | {spect, Melee, Range} (You took it off an orc warrior on
                  | level 11 of the Dungeon)
 20583 | Volcano  | Identified the cursed +5 lajatang "Share My Mistrust"
                  | {spect, Melee, Range} (You took it off an orc warrior on
                  | level 11 of the Dungeon)
 20643 | Volcano  | Identified the cursed +5 lajatang "Share My Mistrust"
                  | {spect, Melee, Range} (You took it off an orc warrior on
                  | level 11 of the Dungeon)
 20647 | Volcano  | Identified the cursed +5 lajatang "Share My Mistrust"
                  | {spect, Melee, Range} (You took it off an orc warrior on
                  | level 11 of the Dungeon)
 20650 | Volcano  | Identified the cursed +5 lajatang "Share My Mistrust"
                  | {spect, Melee, Range} (You took it off an orc warrior on
                  | level 11 of the Dungeon)
 20654 | Volcano  | Identified the cursed +5 lajatang "Share My Mistrust"
                  | {spect, Melee, Range} (You took it off an orc warrior on
                  | level 11 of the Dungeon)
 20783 | Volcano  | Identified the cursed +5 lajatang "Share My Mistrust"
                  | {spect, Melee, Range} (You took it off an orc warrior on
                  | level 11 of the Dungeon)
 21083 | Volcano  | Reached skill level 15 in Fighting
 21489 | Lair:5   | Identified the cursed +5 lajatang "Share My Mistrust"
                  | {spect, Melee, Range} (You took it off an orc warrior on
                  | level 11 of the Dungeon)
 22109 | Lair:5   | Killed Kirke
 22440 | Lair:5   | Found a viscous altar of Jiyva.
 22441 | Lair:5   | Found a staircase to the Slime Pits.
 22640 | Lair:5   | Noticed a dire elephant
 22640 | Lair:5   | Noticed a dire elephant
 22640 | Lair:5   | Noticed a dire elephant
 23013 | Lair:5   | Identified the cursed +5 lajatang "Share My Mistrust"
                  | {spect, Melee, Range} (You took it off an orc warrior on
                  | level 11 of the Dungeon)
 23850 | Lair:5   | Identified the cursed +5 lajatang "Share My Mistrust"
                  | {spect, Melee, Range} (You took it off an orc warrior on
                  | level 11 of the Dungeon)
 23854 | Lair:5   | Reached XP level 15. HP: 60/124 MP: 0/0
 23854 | Lair:5   | Learned a level 6 spell: Permafrost Eruption
 24039 | Lair:5   | Identified the cursed +5 lajatang "Share My Mistrust"
                  | {spect, Melee, Range} (You took it off an orc warrior on
                  | level 11 of the Dungeon)
 25621 | D:11     | Found a staircase to the Orcish Mines.
 26004 | Orc:1    | Entered Level 1 of the Orcish Mines
 26590 | Orc:1    | Found a roughly hewn altar of Beogh.
 26683 | Orc:1    | Identified the cursed +5 lajatang "Share My Mistrust"
                  | {spect, Melee, Range} (You took it off an orc warrior on
                  | level 11 of the Dungeon)
 27065 | Orc:2    | Entered Level 2 of the Orcish Mines
 27385 | Orc:2    | Found Ummaheung's Antique Weapon Shop.
 27631 | Orc:2    | Reached skill level 5 in Evocations
 28256 | Orc:2    | Identified the cursed +5 lajatang "Share My Mistrust"
                  | {spect, Melee, Range} (You took it off an orc warrior on
                  | level 11 of the Dungeon)
 28260 | Orc:2    | Identified the cursed +5 lajatang "Share My Mistrust"
                  | {spect, Melee, Range} (You took it off an orc warrior on
                  | level 11 of the Dungeon)
 28330 | Orc:2    | Found a staircase to the Elven Halls.
 28350 | Orc:2    | Identified the cursed +5 lajatang "Share My Mistrust"
                  | {spect, Melee, Range} (You took it off an orc warrior on
                  | level 11 of the Dungeon)
 28457 | Orc:2    | Reached ***** piety under Ashenzari
 28996 | Orc:2    | Found Ekoidics's Distillery.
 28996 | Orc:2    | Found Wukk's General Store.
 28997 | Orc:2    | Found Teitagar's General Store.
 29001 | Orc:2    | Found Meocerch's Jewellery Emporium.
 29004 | Orc:2    | Bought a potion of cancellation for 128 gold pieces
 29004 | Orc:2    | Bought a potion of heal wounds for 80 gold pieces
 29004 | Orc:2    | Bought a potion of curing for 48 gold pieces
 29004 | Orc:2    | Bought a potion of curing for 48 gold pieces
 29005 | Orc:2    | Bought a scroll of fear for 68 gold pieces
 29006 | Orc:2    | Bought a wand of acid (5) for 315 gold pieces
 29271 | D:12     | Reached skill level 10 in Staves
 29528 | D:12     | Noticed Fannar
 29806 | D:12     | Identified the cursed +5 lajatang "Share My Mistrust"
                  | {spect, Melee, Range} (You took it off an orc warrior on
                  | level 11 of the Dungeon)
 30035 | D:12     | Killed Fannar
 30290 | D:7      | Bought 2 potions of resistance for 520 gold pieces
 30551 | D:13     | Found a gate leading to a gauntlet.
 30591 | D:13     | Identified the cursed +5 lajatang "Share My Mistrust"
                  | {spect, Melee, Range} (You took it off an orc warrior on
                  | level 11 of the Dungeon)
 30604 | D:13     | Identified the cursed +5 lajatang "Share My Mistrust"
                  | {spect, Melee, Range} (You took it off an orc warrior on
                  | level 11 of the Dungeon)
 30607 | D:13     | Identified the cursed +5 lajatang "Share My Mistrust"
                  | {spect, Melee, Range} (You took it off an orc warrior on
                  | level 11 of the Dungeon)
 30619 | Gauntlet | Entered a Gauntlet
 30619 | Gauntlet | Found a transporter.
 30625 | Gauntlet | Noticed a cacodemon
 30671 | Gauntlet | Found a transporter.
 30687 | Gauntlet | Found a runed translucent door.
 30692 | Gauntlet | Found a transporter.
 30707 | Gauntlet | Identified the +0 pair of boots "Kokegrieho" {rElec rPois
                  | MP+9 Stlth+}
 30713 | Gauntlet | Found a transporter.
 30726 | Gauntlet | Found a transporter.
 30728 | Gauntlet | Found a runed translucent door.
 30740 | Gauntlet | Found a transporter.
 30744 | Gauntlet | Identified the -1 helmet of Recklessness {rPois rN+ Regen+}
 30769 | Gauntlet | Found a transporter.
 30769 | Gauntlet | Found a transporter.
 30774 | Gauntlet | Found a transporter.
 30800 | Gauntlet | Identified the +1 pair of boots of the Wheelwright {Rampage
                  | Int+2}
 30807 | Gauntlet | Found a transporter.
 30807 | Gauntlet | Found a transporter.
 30808 | Gauntlet | Found a runed translucent door.
 30808 | Gauntlet | Identified the +2 hat "Yhao" {rC- rCorr Str+7 Dex-5}
 30834 | Gauntlet | Found a transporter.
 30835 | Gauntlet | Identified the ring of Nezxeycs {Ice rPois Str+2}
 31094 | Gauntlet | Reached XP level 16. HP: 126/137 MP: 0/0
 31101 | Gauntlet | Identified the +5 sling "Zorphu Meneph" {freeze, rF+++ rC-
                  | rN+ Will-}
 31431 | D:13     | Found a gate to the Vaults.
 31561 | D:13     | Noticed Lodul
 31564 | D:13     | Killed Lodul
 31704 | D:13     | Reached skill level 5 in Dodging
 31811 | D:13     | Noticed Jorgrun
 31826 | D:13     | Killed Jorgrun
 33127 | D:14     | Identified a scroll of acquirement
 33136 | D:14     | Acquired an amulet of regeneration
 33390 | D:15     | Entered Level 15 of the Dungeon
 33512 | D:15     | Found a blossoming altar of Fedhas.
 33933 | D:15     | Identified the +2 shortbow of Nemelex Xobeh's Anger
                  | {freeze, rPois rCorr}
 33999 | D:15     | Reached XP level 17. HP: 131/143 MP: 0/0
 33999 | D:15     | Learned a level 6 spell: Bombard
 34072 | D:15     | Found a staircase to the Depths.
 34424 | Spider:1 | Entered Level 1 of the Spider Nest
 34612 | Spider:1 | Identified the +0 leather armour "Hinned" {rPois}
 34702 | Spider:1 | Identified the cursed +5 lajatang "Share My Mistrust"
                  | {spect, Melee, Range} (You took it off an orc warrior on
                  | level 11 of the Dungeon)
 35174 | Spider:1 | Identified the cursed +5 lajatang "Share My Mistrust"
                  | {spect, Melee, Range} (You took it off an orc warrior on
                  | level 11 of the Dungeon)
 35200 | Spider:2 | Noticed Agnes
 35203 | Spider:1 | Identified the cursed +5 lajatang "Share My Mistrust"
                  | {spect, Melee, Range} (You took it off an orc warrior on
                  | level 11 of the Dungeon)
 35206 | Spider:1 | Identified the cursed +5 lajatang "Share My Mistrust"
                  | {spect, Melee, Range} (You took it off an orc warrior on
                  | level 11 of the Dungeon)
 35318 | Spider:2 | Killed Agnes
 35411 | Spider:2 | Reached skill level 10 in Dodging
 35880 | Spider:3 | Reached XP level 18. HP: 143/151 MP: 0/0
 36357 | Spider:3 | Noticed Mara
 36363 | Spider:3 | Noticed adelrune's illusion
 36365 | Spider:3 | Killed Mara
 36467 | Spider:4 | Entered Level 4 of the Spider Nest
 36559 | Spider:4 | HP: 6/153 [emperor scorpion (7)]
 36753 | Spider:4 | Identified the ring "Ybisuco" {rPois EV+5 Int+3}
 36756 | Spider:4 | Upgraded the game from 0.32-a0-871-ge202e49faa to
                  | 0.32-a0-872-g59262bdc9b
 36784 | Spider:4 | Reached skill level 15 in Spellcasting
 36784 | Spider:4 | Reached skill level 15 in Conjurations
 36784 | Spider:4 | Reached skill level 15 in Hexes
 36784 | Spider:4 | Reached skill level 15 in Summonings
 36784 | Spider:4 | Reached skill level 15 in Necromancy
 36784 | Spider:4 | Reached skill level 15 in Translocations
 36784 | Spider:4 | Reached skill level 15 in Fire Magic
 36784 | Spider:4 | Reached skill level 15 in Ice Magic
 36784 | Spider:4 | Reached skill level 15 in Air Magic
 36784 | Spider:4 | Reached skill level 15 in Earth Magic
 36784 | Spider:4 | Reached skill level 15 in Alchemy
 36965 | Spider:4 | Identified the +5 plate armour of Plasticity {+Inv Regen+
                  | Int+3}
 36989 | Spider:4 | Identified the cursed +5 lajatang "Share My Mistrust"
                  | {spect, Melee, Range} (You took it off an orc warrior on
                  | level 11 of the Dungeon)
 37086 | Spider:4 | Reached XP level 19. HP: 100/159 MP: 0/0
 37086 | Spider:4 | Learned a level 6 spell: Conjure Ball Lightning
 37483 | Spider:4 | Got a gossamer rune of Zot
 37739 | Shoals:1 | Entered Level 1 of the Shoals
 37744 | Shoals:1 | Noticed Nikola
 37756 | Shoals:1 | Killed Nikola
 37876 | Shoals:1 | Found Neuhya's Assorted Antiques.
 37877 | Shoals:1 | Noticed Mlioglotl
 37890 | Shoals:1 | Killed Mlioglotl
 38667 | Shoals:2 | Found a flickering gateway to a bazaar.
 38674 | Bazaar   | Entered a bazaar
 38682 | Bazaar   | Found Uxkikare's General Store.
 38693 | Bazaar   | Found Situogo's Book Shop.
 38704 | Bazaar   | Found Maycs's Antique Armour Emporium.
 38721 | Bazaar   | Found Rayxiw's Antique Weapon Boutique.
 38733 | Bazaar   | Found Cudd's Distillery.
 38743 | Bazaar   | Bought a potion of heal wounds for 45 gold pieces
 38743 | Bazaar   | Bought a potion of curing for 27 gold pieces
 38743 | Bazaar   | Bought a potion of resistance for 90 gold pieces
 38743 | Bazaar   | Bought a potion of heal wounds for 45 gold pieces
 38743 | Bazaar   | Bought a potion of curing for 27 gold pieces
 38743 | Bazaar   | Bought a potion of curing for 27 gold pieces
 38769 | Bazaar   | Bought a potion of invisibility for 80 gold pieces
 38769 | Bazaar   | Bought a ring of protection from cold for 250 gold pieces
 39689 | Shoals:3 | Identified the +1 trident "Vuaf" {protect, Dex+5}
 40411 | Shoals:4 | Entered Level 4 of the Shoals
 40578 | Shoals:4 | Identified the amulet "Ycylicem" {+Inv rPois RegenMP+ Str+3
                  | Int-2}
 40922 | Shoals:4 | Got a barnacled rune of Zot
 40984 | Shoals:4 | Reached XP level 20. HP: 148/166 MP: 0/0
 41246 | Shoals:4 | Identified the amulet of Ricverchu {Faith Stlth+}
 41322 | Shoals:4 | Reached skill level 15 in Dodging
 41324 | Shoals:4 | Identified the cursed +5 lajatang "Share My Mistrust"
                  | {spect, Melee, Range} (You took it off an orc warrior on
                  | level 11 of the Dungeon)
 41785 | Vaults:1 | Entered Level 1 of the Vaults
 41938 | Vaults:1 | Found Noakaise's Distillery.
 41943 | Vaults:1 | Bought a potion of heal wounds for 100 gold pieces
 41943 | Vaults:1 | Bought 3 potions of heal wounds for 300 gold pieces
 42029 | Vaults:1 | Noticed Zenata
 42033 | Vaults:1 | Killed Zenata
 42296 | Vaults:1 | Noticed Asterion
 42302 | Vaults:1 | Killed Asterion
 42885 | Vaults:1 | Found a transporter.
 42891 | Vaults:1 | Noticed Rudyous's ghost (adept DsFE)
 42905 | Vaults:1 | Identified the +10 hand cannon of Purpose {freeze, *Corrode
                  | rElec MP-9 Stlth+}
 42905 | Vaults:1 | Identified the +3 arbalest of the Heavens {heavy, rF+ rN++
                  | Will- Str+2}
 42966 | Vaults:1 | Noticed Donald
 42968 | Vaults:1 | Killed Donald
 43011 | Vaults:1 | Found a bloodstained altar of Trog.
 43034 | Vaults:1 | Found a transporter.
 43336 | Vaults:2 | Reached skill level 1 in Armour
 43465 | Vaults:2 | Noticed Mennas
 43471 | Vaults:2 | Killed Mennas
 43471 | Vaults:2 | Noticed Margery
 43472 | Vaults:2 | Noticed a hellephant
 43477 | Vaults:2 | Killed Margery
 43582 | Vaults:2 | Reached XP level 21. HP: 153/174 MP: 0/0
 43582 | Vaults:2 | Learned a level 7 spell: Orb of Destruction
 43614 | Vaults:2 | Killed the ghostly Margery
 43993 | Vaults:2 | Identified the +2 robe "Nipt" {rN+ MP+9 Str-2}
 43993 | Vaults:2 | Noticed Boris
 44001 | Vaults:2 | Killed Boris
 44162 | Vaults:2 | Reached skill level 5 in Armour
 45628 | Vaults:3 | Found a staircase to the Crypt.
 46054 | Vaults:3 | Identified the +1 glaive of Doom {freeze, Str+4}
 46058 | Vaults:3 | Reached XP level 22. HP: 178/184 MP: 0/0
 46112 | Vaults:3 | Identified the +2 robe of the Hurricane {Str+2}
 46112 | Vaults:3 | Noticed Boris
 46140 | Vaults:3 | Killed Boris
 46428 | Vaults:4 | Found Orocywuu's Weapon Emporium.
 47104 | Vaults:4 | Identified the ring of Foolhardiness {Ice rElec Int+2
                  | Dex+3}
 48139 | Elf:1    | Entered Level 1 of the Elven Halls
 48407 | Elf:1    | Noticed Roxanne
 48413 | Elf:1    | Killed Roxanne
 48530 | Elf:1    | Found a runed translucent door.
 48530 | Elf:1    | Found a shimmering altar of Xom.
 48530 | Elf:1    | Noticed Lorhegae's ghost (veteran FoDe)
 49648 | Elf:2    | Reached skill level 1 in Shields
 49675 | Elf:2    | Found a runed translucent gate.
 49675 | Elf:2    | Found a runed translucent gate.
 49675 | Elf:2    | Found a runed translucent gate.
 49850 | Elf:2    | Paralysed by an air elemental for 1 turns
 50240 | Elf:3    | Entered Level 3 of the Elven Halls
 50264 | Elf:3    | Identified the ring "Hiruab" {rPois rF+ rC+ Dex+2}
 50446 | Elf:3    | Reached XP level 23. HP: 185/195 MP: 0/0
 50446 | Elf:3    | Learned a level 8 spell: Disjunction
 50910 | Elf:3    | Identified the +6 eveningstar of the Grave {venom, ^Fragile
                  | rElec rF- rC+++}
 50969 | Elf:3    | Identified the ring of Tyd Kiof {rF+ MP+9 Int+4}
 50975 | Elf:3    | Reached skill level 5 in Shields
 50990 | Elf:3    | Identified the ring of Muked {^Contam rPois rCorr Dex-4
                  | Stlth+}
 51058 | Elf:3    | Identified the +3 orcbow "Orghuamm" {flame, Fly rF- Dex+5}
 51065 | Elf:3    | Identified the amulet "Wopnoss" {Spirit rF+ rN+ Will+}
 51080 | Elf:3    | Identified the +0 buckler of Boredom {Str+5}
 51080 | Elf:3    | Found the +2 shield of Resistance {rF++ rC++ Will++}
 51081 | Elf:3    | Identified the ring of Jyfyvvaf {Will+ EV+5 Dex+2}
 51083 | Elf:3    | Identified the +9 long sword "Vorhuula" {flame, rN+ Will++
                  | MP+9 Int+2 Dex-4}
 51179 | Elf:3    | Identified the +3 quarterstaff of the Ornamental God
                  | {flame, rN+}
 51234 | Elf:3    | Found the +3 Elemental Staff {ele, rElec rF+ rC+ AC+3}
 51565 | Depths:1 | Entered Level 1 of the Depths
 51679 | Depths:1 | Found a one-way gate leading to the halls of Pandemonium.
 51767 | Depths:1 | Found a gateway to Hell.
 51931 | Depths:1 | Found Tiggozoc's Armour Emporium.
 51957 | Depths:1 | Found a glowing golden altar of the Shining One.
 53154 | Depths:2 | Reached XP level 24. HP: 189/206 MP: 0/0
 53194 | Depths:2 | Found The Oracle's Delphic Readings.
 53198 | Depths:2 | Bought a scroll of teleportation for 45 gold pieces
 53198 | Depths:2 | Bought a scroll of revelation for 112 gold pieces
 53225 | Depths:2 | Reached ****** piety under Ashenzari
 53288 | Depths:3 | Found a one-way gateway to a ziggurat.
 53382 | Depths:3 | Found Ajiucaf's Antique Weapon Shop.
 53470 | Depths:3 | Noticed a golden dragon
 53474 | Depths:3 | Killed a golden dragon
 53928 | Depths:3 | Noticed a caustic shrike
 53931 | Depths:3 | Killed a caustic shrike
 53990 | Depths:3 | Found a one-way gate to the infinite horrors of the Abyss.
 54010 | Depths:3 | Found an iron altar of Okawaru.
 54054 | Depths:3 | Identified the ring of the Freezing God {Ice Str+3 Int+2
                  | Dex-4}
 54054 | Depths:3 | Noticed Josephina
 54066 | Depths:3 | Killed Josephina
 54067 | Depths:3 | Reached skill level 10 in Shields
 54264 | Depths:3 | Noticed a caustic shrike
 54269 | Depths:3 | Killed a caustic shrike
 54861 | Depths:4 | Entered Level 4 of the Depths
 55091 | Depths:4 | Found a gate to the Realm of Zot.
 55107 | Depths:4 | Reached XP level 25. HP: 149/214 MP: 0/0
 55107 | Depths:4 | Learned a level 8 spell: Lehudib's Crystal Spear
 55482 | Depths:4 | Noticed a caustic shrike
 55482 | Depths:4 | Noticed a caustic shrike
 55482 | Depths:4 | Noticed a caustic shrike
 55485 | Depths:4 | Noticed a caustic shrike
 55487 | Depths:4 | Killed a caustic shrike
 55488 | Depths:4 | Killed a caustic shrike
 55489 | Depths:4 | Killed a caustic shrike
 55492 | Depths:4 | Killed a caustic shrike
 56310 | Vaults:5 | Entered Level 5 of the Vaults
 56552 | Vaults:5 | Noticed a dread lich
 56558 | Vaults:5 | Killed a dread lich
 56596 | Vaults:5 | Found Weipo's Antique Armour Shoppe.
 56797 | Vaults:5 | Noticed an ancient lich
 56799 | Vaults:5 | Killed an ancient lich
 56825 | Vaults:5 | Identified the +8 battleaxe "Ipuskous" {holy, rF+ Dex+3}
 56825 | Vaults:5 | Identified Kikubaaqudgha's Anthology of Exhumation
 56869 | Vaults:5 | Got a silver rune of Zot
 57271 | Vaults:5 | Reached XP level 26. HP: 213/221 MP: 0/0
 57281 | Vaults:5 | Identified the ring "Seupt" {Wiz Slay+3}
 57281 | Vaults:5 | Identified the +0 plate armour "Luha" {rC+ Will+}
 57282 | Vaults:5 | Identified the +2 war axe "Ujatziano" {flame, +Blink}
 57645 | Vaults:5 | Found Cuxkuar's Distillery.
 57656 | Vaults:5 | Bought a potion of haste for 220 gold pieces
 57656 | Vaults:5 | Bought a potion of heal wounds for 110 gold pieces
 57656 | Vaults:5 | Bought a potion of curing for 66 gold pieces
 57666 | Vaults:5 | Found Muacui's Magic Scroll Emporium.
 57671 | Vaults:5 | Bought a scroll of teleportation for 42 gold pieces
 57671 | Vaults:5 | Bought a scroll of teleportation for 42 gold pieces
 57671 | Vaults:5 | Bought a scroll of teleportation for 42 gold pieces
 57671 | Vaults:5 | Bought a scroll of teleportation for 42 gold pieces
 57678 | Vaults:5 | Found Oroeph's Distillery.
 57683 | Vaults:5 | Bought a potion of heal wounds for 65 gold pieces
 57683 | Vaults:5 | Bought a potion of heal wounds for 65 gold pieces
 58110 | Zot:1    | Entered Level 1 of the Realm of Zot
 58308 | Vaults:1 | Bought a potion of haste for 200 gold pieces
 58308 | Vaults:1 | Bought a potion of curing for 60 gold pieces
 58308 | Vaults:1 | Bought a potion of curing for 60 gold pieces
 58810 | Zot:1    | Noticed Vv
 58816 | Zot:1    | Killed Vv
 59108 | Zot:1    | Noticed a shard shrike
 59110 | Zot:1    | Killed a shard shrike
 59117 | Zot:1    | Reached skill level 10 in Evocations
 59140 | Zot:1    | Identified the +7 flail of Deflation {flame, rCorr}
 59161 | Zot:1    | Noticed a shard shrike
 59166 | Zot:1    | Killed a shard shrike
 59217 | Zot:1    | Reached skill level 15 in Shields
 59514 | Zot:1    | Identified the staff of Aphuq {rPois rF+ rC+ Ice}
 59936 | Zot:2    | Noticed an orb of fire
 59938 | Zot:2    | Gained mutation: You do not regenerate when monsters are
                  | visible. [an orb of fire]
 59942 | Zot:2    | Killed an orb of fire
 60023 | Zot:1    | Lost mutation: You do not regenerate when monsters are
                  | visible. [potion of mutation]
 60023 | Zot:1    | Gained mutation: You have sharp fingernails. [potion of
                  | mutation]
 60023 | Zot:1    | Gained mutation: Your flesh is almost immune to the effects
                  | of heat. (rF+++) [potion of mutation]
 60023 | Zot:1    | Lost mutation: You have sharp fingernails. [potion of
                  | mutation]
 60941 | Zot:2    | Reached XP level 27. HP: 170/228 MP: 0/0
 60941 | Zot:2    | Learned a level 9 spell: Shatter
 60942 | Zot:2    | Noticed an orb of fire
 60948 | Zot:2    | Killed an orb of fire
 61006 | Zot:2    | Noticed an orb of fire
 61010 | Zot:2    | Gained mutation: You are frail. (-10% HP) [an orb of fire]
 61011 | Zot:2    | Killed an orb of fire
 61123 | Zot:2    | Found a candlelit altar of Ignis.
 61397 | Zot:3    | Found a large runed translucent door.
 61397 | Zot:3    | Found a large runed translucent door.
 61400 | Zot:3    | Noticed Unkiwk's ghost (legendary DsFi)
 61402 | Zot:3    | Identified the Encyclopedia of Quicksand and Nonlocality
 61545 | Zot:3    | Noticed an orb of fire
 61548 | Zot:3    | Killed an orb of fire
 61549 | Zot:3    | Noticed a Killer Klown
 61551 | Zot:3    | Killed a Killer Klown
 61564 | Zot:3    | Reached skill level 15 in Evocations
 61603 | Zot:3    | Noticed a Killer Klown
 61606 | Zot:3    | Killed a Killer Klown
 62460 | Zot:4    | Found a transporter.
 62472 | Zot:4    | Noticed an ancient lich
 62641 | Zot:4    | Noticed a Killer Klown
 62698 | Zot:4    | Noticed a Killer Klown
 62699 | Zot:4    | Found a transporter.
 62699 | Zot:4    | Noticed Wurghat's ghost (master TrSh)
 63135 | Zot:5    | Entered Level 5 of the Realm of Zot
 63431 | Zot:5    | Noticed a dread lich
 63434 | Zot:5    | Killed a dread lich
 63459 | Zot:5    | Noticed an orb of fire
 63483 | Zot:5    | Killed an orb of fire
 63483 | Zot:5    | Noticed a Killer Klown
 63483 | Zot:5    | Noticed an orb of fire
 63487 | Zot:5    | Noticed a Killer Klown
 63489 | Zot:5    | Killed a Killer Klown
 63491 | Zot:5    | Noticed a Killer Klown
 63493 | Zot:5    | Noticed an orb of fire
 63493 | Zot:5    | Noticed an orb of fire
 63493 | Zot:5    | Gained mutation: Armour fits poorly on your strangely
                  | shaped body. [an orb of fire]
 63494 | Zot:5    | Killed a Killer Klown
 63495 | Zot:5    | Noticed an orb of fire
 63495 | Zot:5    | Noticed an orb of fire
 63497 | Zot:5    | Noticed an orb of fire
 63498 | Zot:5    | Noticed a Killer Klown
 63503 | Zot:5    | Killed an orb of fire
 63504 | Zot:5    | Noticed a Killer Klown
 63506 | Zot:5    | Killed an orb of fire
 63509 | Zot:5    | Killed an orb of fire
 63610 | Zot:4    | Lost mutation: You are frail. (-10% HP) [potion of
                  | mutation]
 63610 | Zot:4    | Lost mutation: Armour fits poorly on your strangely shaped
                  | body. [potion of mutation]
 63610 | Zot:4    | Lost mutation: Your flesh is almost immune to the effects
                  | of heat. (rF+++) [potion of mutation]
 63610 | Zot:4    | Gained mutation: You have hidden genetic potential. [potion
                  | of mutation]
 63651 | Zot:5    | Killed an orb of fire
 63658 | Zot:5    | Killed an orb of fire
 63663 | Zot:5    | Killed an orb of fire
 63854 | Zot:5    | Killed a Killer Klown
 63864 | Zot:5    | Killed a Killer Klown
 63972 | Zot:5    | Killed a Killer Klown
 64087 | Zot:5    | Got the Orb of Zot
 64710 | D:1      | Noticed a seraph
 64715 | D:1      | Noticed Hopsuha the pandemonium lord
 64717 | D:$      | Escaped with the Orb!

Illustrated notes

Levels and vault maps discovered:
D:1:      minmay_arrival_widening_spiral_wide, layout_basic
D:2:      layout_loops_ring, minmay_mini_jars
D:3:      layout_loops_corners, lightli_temple_of_fire,
          nicolae_overflow_quartered_altars, grunt_decor_arrowhead
D:4:      layout_cave_pools, nicolae_ru_sacrificial_ziggurat, serial_shops,
          shop, uniq_crazy_yiuf_cottage, uniq_ijyb, uniq_eustachio
D:5:      layout_loops_ring, grunt_gozag_statues
D:6:      layout_rooms, grunt_temple_overflow_open, nrook_loot_triangle,
          uniq_menkaure
D:7:      layout_cave_pools, minmay_temple_entry_large_hall, serial_shops,
          nicolae_shop_advertising_works [nicolae_subvault_shop_adworks],
          minmay_three_doors, uniq_prince_ribbit1
D:8:      layout_cave_pods, elyvilon_altar_4, ebering_ghost_reflecting_pool,
          serial_shops, nicolae_shop_back_alley_shop,
          nicolae_shop_window_shopping, nicolae_stop_n_shop_1, shop,
          nicolae_shop_tiny_glass, dk_rats_in_the_wall
D:9:      layout_stronghold, nicolae_shop_distant_corner_stores, minivault_4
D:10:     layout_basic, led_sif_book, lair_entry_dummy, ebering_ghost_gozag,
          kennysheep_another_room
D:11:     layout_rooms, orc_0_dummy, minmay_pinched_square
D:12:     layout_irregular_city, serial_column_ruins, column_ruins_square_huge,
          column_ruins_corridor_straight, column_ruins_columns_corner,
          column_ruins_open_small_water, column_ruins_columns_straight,
          uniq_fannar
D:13:     layout_loops_cross, skrybe_vaults_entry_preservation,
          gauntlet_entry_generic, uniq_jorgrun, uniq_lodul
D:14:     layout_basic
D:15:     grunt_enter_depths_magical_seal, layout_basic, serial_park_gazebo
          [serial_park_minivault_5x5_2], nicolae_houndstooth_variations
Lair:1:   layout_regular_city, infiniplex_staircase_pool, grunt_megastairs_4,
          serial_bayou_shore_a, serial_bayou_shore_b, serial_bayou_shore_b
Lair:2:   layout_cellular_growth, hellmonk_spider_entry_life_and_decay,
          basic_altar
Lair:3:   layout_chaotic_city, elwin_shoals_entry_rooms
Lair:4:   layout_roguey, lookout_lair_type, pond, lemuel_fruit_fields,
          lemuel_fruit_tree, infiniplex_staircase_pool_2
Lair:5:   due_jungle_book, layout_gridlike, slime_entry_1,
          lightli_volcano_entry_magma_tube, chequers_serial_rivers_micro_d,
          uniq_kirke
Shoals:1: layout_shoals, serial_shops, shop, uniq_nikola, uniq_mlioglotl
Shoals:2: layout_shoals, serial_shops, statue_bzr
Shoals:3: layout_shoals, nicolae_shoals_lost_giant_pillars
Shoals:4: shoals_end_simple, layout_shoals
Spider:1: layout_spider_delve, nicolae_spider_nook
Spider:2: layout_spider_delve, nicolae_spider_claw_tunnel, uniq_agnes
Spider:3: layout_spider_delve, uniq_mara
Spider:4: hellmonk_spider_rune_bug_friends, nicolae_spider_rock_and_or_roll
Orc:1:    layout_diamond_mine, basic_altar, blackcustard_mines_bat_river
Orc:2:    st_orc_mages, layout_diamond_mine, serial_shops,
          nicolae_shop_hallway_stairs
Elf:1:    layout_geoelf_grid, ebering_ghost_xom, kennysheep_underground_church,
          uniq_roxanne
Elf:2:    nicolae_elf_blades_crystal_corner, layout_geoelf_octagon, minivault_8,
          lemuel_elevator
Elf:3:    elf_hall_gauntlet_wide, layout_geoelf_diagonals
Vaults:1: gammafunk_ghost_wrathful_warriors,
          nicolae_vaults_trapezoid_lopsided_1, nicolae_vaults_theta, v_rooms_3,
          vaults_room_fours, vaults_dpeg_diagonal, nicolae_vaults_big_ls,
          nicolae_vaults_closet_pinwheel_2, vaults_mumra_minichess_inversion,
          nicolae_vaults_little_ls, nicolae_vaults_yaktaur_gun_rack,
          nicolae_vaults_trapezoid_4, ontoclasm_vaults_twist,
          nicolae_vaults_little_squares_2, vaults_room_pool, v_misc_16,
          layout_vaults_ring, serial_shops, shop, uniq_donald, uniq_zenata,
          uniq_asterion
Vaults:2: vaults_mumra_minichess, ontoclasm_vaults_chip,
          ontoclasm_vaults_gateway, v_pattern_5,
          nicolae_vaults_storage_room_statues, grunt_vaults_swirl,
          vaults_mumra_hexcomb, nicolae_vaults_house_1, ontoclasm_vaults_tryst,
          nicolae_vaults_little_squares_5, nicolae_vaults_closet_pinwheel_3,
          st_cross, nicolae_vaults_trapezoid_lopsided_1, nicolae_vaults_prndl,
          nicolae_vaults_offset_grid_hallway_3, layout_vaults_maze_bifur,
          uniq_boris, uniq_margery, uniq_mennas
Vaults:3: nicolae_vaults_tangram_1, nicolae_vaults_closet_pinwheel_4,
          minmay_crypt_entry_simple_round, kennysheep_ogre_elephant_herders,
          v_alt_pattern_1, grunt_vaults_twisty, v_misc_19, vaults_room_boxed,
          vaults_mumra_chevron, hangedman_vaults_pinch,
          nicolae_vaults_specimen_jars, v_pattern_1,
          nicolae_vaults_double_plus_1, nicolae_vaults_network_periphery,
          layout_vaults_big_cross
Vaults:4: grunt_vaults_diagonal, nicolae_vaults_taking_the_gang_shopping,
          nicolae_vaults_closet_pinwheel_4, v_misc_29,
          ontoclasm_vaults_loading_screen, nicolae_vaults_sesquioval_fish,
          nicolae_vaults_tetromino_Z_1, nicolae_vaults_house_1,
          layout_vaults_omnigrid
Vaults:5
Depths:1: layout_small_grid, grunt_hell_entry_dis_grunt, serial_sigils,
          serial_sigils_hangedman_scratch, serial_sigils_hangedman_quiver,
          serial_sigils_hangedman_gnaw, serial_sigils_hangedman_carve,
          serial_sigils_hangedman_stare, serial_shops, shop,
          minmay_misc_feat_enclosed, rand_demon_pan_entry_7,
          nicolae_tso_swordbearing_angel
Depths:2: nzn_winding_woodlands_cross [nzn_winding_woodlands_5x15_split_checker,
          nzn_winding_woodlands_5x15_zeroes,
          nzn_winding_woodlands_5x15_sawtooth,
          nzn_winding_woodlands_5x15_jagged,
          nzn_winding_woodlands_15x15_thick_spiral], layout_cave_pools,
          grunt_pan_entry_in_and_out, hell_entry, nicolae_nh_oracle_at_delphi
Depths:3: minmay_three_patterns, layout_basic, enter_ziggurat_c, serial_shops,
          shop, abyss_entry_small_statue_room, grunt_mini_vestibule,
          okawaru_ov_weapons_minmay, infiniplex_staircase_pool_1, uniq_josephina
Depths:4: grunt_zot_entry_bicorn, layout_honeycomb, hell_entry,
          corexii_hall_statues_l
Zot:1:    minmay_elemental_castle, layout_misc_corridors, uniq_vv
Zot:2:    regret_index_infernal_bastille, layout_twisted_circle
Zot:3:    grunt_zot_stairs_mandelzot, layout_twisted_circle,
          ebering_ghost_disaster_area
Zot:4:    layout_concentric_octagons, gammafunk_ghost_abyssal_escape,
          st_stairs_3
Zot:5:    layout_misc_corridors, grunt_ministairs_13

Skill      XL: |  1  2  3  4  5  6  7  8  9 10 11 12 13 14 15 16 17 18 19 20 21 22 23 24 25 26 27 |
---------------+----------------------------------------------------------------------------------+-----
Stealth        | 2 3 |  3.0
Fighting       | 3 4 5 8 10 12 13 14 15 16 17 18 19 20 22 23 | 23.9
Spellcasting   | 4 5 6 7 8 10 11 13 14 15 16 17 18 19 20 21 23 | 23.1
Conjurations   | 4 5 6 7 8 10 11 13 14 15 16 17 18 19 20 21 23 | 23.1
Hexes          | 4 5 6 7 8 10 11 13 14 15 16 17 18 19 20 21 23 | 23.1
Summonings     | 4 5 6 7 8 10 11 13 14 15 16 17 18 19 20 21 23 | 23.1
Necromancy     | 4 5 6 7 8 10 11 13 14 15 16 17 18 19 20 21 23 | 23.1
Translocations | 4 5 6 7 8 10 11 13 14 15 16 17 18 19 20 21 23 | 23.1
Fire Magic     | 4 5 6 7 8 10 11 13 14 15 16 17 18 19 20 21 23 | 23.1
Ice Magic      | 4 5 6 7 8 10 11 13 14 15 16 17 18 19 20 21 23 | 23.1
Air Magic      | 4 5 6 7 8 10 11 13 14 15 16 17 18 19 20 21 23 | 23.1
Earth Magic    | 4 5 6 7 8 10 11 13 14 15 16 17 18 19 20 21 23 | 23.1
Alchemy        | 4 5 6 7 8 10 11 13 14 15 16 17 18 19 20 21 23 | 23.1
Evocations     | 2 4 6 8 9 13 17 | 17.5
Staves         | 5 8 9 10 11 | 11.3
Dodging        | 4 7 10 12 14 16 | 16.0
Armour         | 2 6 |  6.0
Shields        | 3 7 11 14 16 18 | 18.8

Action                     |  1- 3 |  4- 6 |  7- 9 | 10-12 | 13-15 | 16-18 | 19-21 | 22-24 | 25-27 || total
---------------------------+-------+-------+-------+-------+-------+-------+-------+-------+-------++-------
  Melee: Dagger            |       |     5 |       |       |       |       |       |       |       ||     5
         Lajatang          |       |       |       |     9 |    69 |    16 |     9 |       |       ||   103
         Staff             |       |       |       |       |       |       |       |       |     1 ||     1
   Cast: Magic Dart        |    57 |    17 |    11 |    29 |    36 |     5 |     1 |     1 |       ||   157
         Slow              |    11 |       |       |     2 |       |       |       |       |       ||    13
         Call Imp          |     9 |    33 |    27 |     9 |     2 |       |       |       |       ||    80
         Necrotise         |     6 |       |       |       |       |       |       |       |       ||     6
         Scorch            |       |    36 |    90 |   208 |   209 |       |       |     1 |       ||   544
         Mephitic Cloud    |       |     1 |     5 |       |       |       |       |       |       ||     6
         Frozen Ramparts   |       |       |    22 |    51 |    16 |       |       |       |       ||    89
         Summon Ice Beast  |       |       |     8 |    62 |    81 |     3 |       |    14 |       ||   168
         Dispel Undead     |       |       |       |     5 |       |       |       |       |       ||     5
         Arcjolt           |       |       |       |       |   123 |    39 |    70 |    23 |     6 ||   261
         Permafrost Erupti |       |       |       |       |   157 |   332 |   429 |   450 |   545 ||  1913
         Bombard           |       |       |       |       |       |    19 |    11 |    20 |     1 ||    51
         Conjure Ball Ligh |       |       |       |       |       |       |    12 |    13 |     4 ||    29
         Orb of Destructio |       |       |       |       |       |       |    18 |    85 |    84 ||   187
         Disjunction       |       |       |       |       |       |       |       |     9 |    21 ||    30
         Lehudib's Crystal |       |       |       |       |       |       |       |       |    49 ||    49
         Shatter           |       |       |       |       |       |       |       |       |     5 ||     5
 Invoke: Curse Item        |       |       |     2 |     4 |     1 |       |     2 |     6 |       ||    15
         Shatter the Chain |       |       |       |     1 |       |     1 |     2 |     2 |       ||     6
  Evoke: Wand              |       |       |       |       |     1 |       |       |       |     2 ||     3
    Use: Potion            |     2 |     1 |       |       |     2 |     4 |     2 |     1 |     9 ||    21
         Scroll            |       |     2 |       |     1 |       |     4 |     6 |     4 |    14 ||    31
   Stab: Sleeping          |       |       |       |       |     1 |       |       |       |       ||     1
         Distracted        |       |       |       |       |     1 |       |     1 |       |       ||     2
 Armour: Robe              |    31 |    53 |    19 |    96 |   183 |     6 |       |       |       ||   388
         Skin              |       |       |       |       |     1 |       |       |       |       ||     1
         Troll leather arm |       |       |       |       |       |   112 |   126 |    88 |   110 ||   436
  Dodge: Dodged            |    13 |    62 |    22 |    44 |   117 |   140 |   107 |    57 |    92 ||   654
  Block: Other             |     2 |    16 |     6 |    22 |    46 |       |       |       |       ||    92
         Reflection        |     1 |     2 |       |     2 |     2 |       |       |       |       ||     7
         Kite shield       |       |       |       |       |       |       |       |    30 |    33 ||    63

Table legend: (Time is in decaauts)
 A = Elapsed time spent in this place.
 B = Non-inter-level travel time spent in this place.
 C = Inter-level travel time spent in this place.
 D = Time resting spent in this place.
 E = Time spent auto-exploring this place.
 F = Levels seen in this place.
 G = Mean time per level.
                   A        B        C        D        E       F      G
               +--------+--------+--------+--------+--------+-----+--------+
         Total |  64702 |  59296 |   5406 |  15559 |  26273 |  50 | 1294.0 |
       Dungeon |  20571 |  18303 |   2268 |   5456 |   9333 |  15 | 1371.4 |
          Lair |  10646 |   9931 |    715 |   4414 |   2602 |   5 | 2129.2 |
        Shoals |   3653 |   3511 |    142 |    233 |   2330 |   4 |  913.2 |
   Spider Nest |   3262 |   3083 |    179 |    543 |    799 |   4 |  815.5 |
  Orcish Mines |   3357 |   2978 |    379 |   1527 |    829 |   2 | 1678.5 |
   Elven Halls |   2943 |   2666 |    277 |    318 |   1486 |   3 |  981.0 |
        Vaults |   8116 |   7446 |    670 |   1215 |   3807 |   5 | 1623.2 |
        Depths |   4818 |   4335 |    483 |    507 |   2684 |   4 | 1204.5 |
           Zot |   5771 |   5480 |    291 |    737 |   2105 |   5 | 1154.2 |
        Bazaar |    163 |    163 |      0 |     13 |      2 |   1 |  163.0 |
       Volcano |    830 |    830 |      0 |    443 |     33 |   1 |  830.0 |
      Gauntlet |    566 |    566 |      0 |    153 |    263 |   1 |  566.0 |
               +--------+--------+--------+--------+--------+-----+--------+

Top non-repeatable levels by time:
  Lair:5: 3632 daAuts
    D:10: 2345 daAuts
  Lair:3: 2128 daAuts
   Orc:1: 2026 daAuts
Vaults:3: 1891 daAuts
Vaults:1: 1870 daAuts
     D:3: 1805 daAuts
  Lair:4: 1717 daAuts
  Lair:1: 1715 daAuts
Vaults:4: 1690 daAuts
Depths:3: 1629 daAuts
     D:8: 1591 daAuts
    D:13: 1571 daAuts
  Lair:2: 1452 daAuts
   Zot:1: 1446 daAuts
